 Dungeon Crawl Stone Soup version 0.28-a0-1190-g77e1c55843 (webtiles) character file.

Game seed: 9947965040200547501

156 Conn the Firebug (level 5, -2/32 HPs)
             Began as an Octopode Fire Elementalist on Dec 18, 2021.
             Slain by Grinder (6 damage)
             ... on level 3 of the Dungeon.
             The game lasted 00:05:53 (3334 turns).

Conn the Firebug (Octopode Fire Elementalist)       Turns: 3334, Time: 00:06:01

Health: -2/32      AC:  1    Str:  7    XL:     5   Next: 38%
Magic:  0/9        EV: 12    Int: 26    God:
Gold:   55         SH:  3    Dex: 12    Spells: 3/10 levels left

rFire   . . .      SeeInvis .   b - staff of conjuration
rCold   . . .      Faith    .   h - +0 buckler
rNeg    . . .      Spirit   .   (helmet restricted)
rPois   .          Reflect  .   (no amulet)
rElec   .          Harm     .   f - +6 ring of intelligence
rCorr   .          Rampage  .   (no ring)
Will    .....                   (no ring)
Stlth   +++.......              (no ring)
HPRegen 0.10/turn               (no ring)
MPRegen 0.11/turn               (no ring)
                                (no ring)
                                (no ring)

@: no status effects
A: almost no armour, amphibious, 8 rings, camouflage 1, gelatinous body 1,
(nimble swimmer 1), tentacles
a: no special abilities


You were on level 3 of the Dungeon.
You visited 1 branch of the dungeon, and saw 3 of its levels.

You collected 55 gold pieces.

Inventory:

Hand Weapons
 a - a +4 spear of freezing
 c - a +0 dagger
Missiles
 d - 27 poisoned darts
Armour
 h - a +0 buckler (worn)
Magical Staves
 b - a staff of conjuration (weapon)
Jewellery
 e - an amulet of faith
 f - a +6 ring of intelligence (left tentacle)
Wands
 m - a wand of paralysis (8)
Scrolls
 i - 2 scrolls of identify {unknown}
 l - a scroll of brand weapon {unknown}
 n - a scroll of fear {unknown}
Potions
 g - 3 potions of curing {unknown}
 j - a potion of heal wounds {unknown}
 k - a potion of haste {unknown}


   Skills:
 + Level 0.3 Fighting
 + Level 0.3 Short Blades
 + Level 0.5 Staves
 + Level 2.1 Dodging
 + Level 3.2 Stealth
 + Level 0.1 Shields
 + Level 3.1 Spellcasting
 + Level 2.4 Conjurations
 + Level 4.0 Fire Magic


You had 3 spell levels left.
You knew the following spells:

 Your Spells              Type           Power      Damage    Failure   Level
a - Foxfire               Conj/Fire      100%       2x1d9     4%          1
b - Conjure Flame         Conj/Fire      31%        6-21      12%         3
c - Inner Flame           Hex/Fire       14%        N/A       21%         3

Your spell library contained the following spells:

 Spells                   Type           Power      Damage    Failure   Level
 Scorch                   Fire           50%        2d8       4%          2
 Blink                    Tloc           8%         N/A       22%         2
 Corpse Rot               Necr/Air       8%         N/A       22%         2
 Poisonous Vapours        Pois/Air       8%         N/A       22%         2
 Flame Wave               Conj/Fire      31%        2d7       36%         4
 Manifold Assault         Tloc           4%         N/A       99%         5
 Storm Form               Tmut/Air       2%         N/A       100%        7


Dungeon Overview and Level Annotations

Branches:
Dungeon (3/15)

Altars:
The Shining One

Annotations:
D:3 Grinder


Innate Abilities, Weirdness & Mutations

You cannot wear most types of armour.
You are amphibious.
You can wear up to eight rings at the same time.
Your skin changes colour to match your surroundings (Stealth+).
Your rubbery body absorbs attacks. (AC +1, EV +1)
((You are camouflaged near water. (Stealth+)))
You have tentacles for arms and can constrict up to eight enemies at once.


Message History

Confirm with . or Enter, or press ? or * to list all spells.
You feel a surge of power!
You conjure some foxfire!
Unknown command.
Unknown command.
Casting: Foxfire (safe; 4% risk of failure)
Confirm with . or Enter, or press ? or * to list all spells.
You don't have enough magic to cast this spell.
Unknown command.
Your foxfire dissipates!
Grinder gestures at you.
You suddenly lose the ability to move!
You can move again.
Unknown command.
Unknown command.
Unknown command.
You barely miss Grinder. Your grab misses Grinder. Your squeeze misses Grinder.
Grinder is almost dead.
Grinder barely misses you.
Casting: Foxfire (safe; 4% risk of failure)
Confirm with . or Enter, or press ? or * to list all spells.
You feel a surge of power!
You conjure some foxfire!
Grinder says, "You look like you could use a good racking."
Grinder hits you!
You writhe in agony.
Unknown command.
You hit Grinder. You grab Grinder.
Grinder is almost dead.
You constrict Grinder, but do no damage.
The foxfire hits Grinder but does no damage.
Grinder is almost dead.
The foxfire hits Grinder.
Grinder is almost dead.
Grinder hits you!
You writhe in agony.
* * * LOW HITPOINT WARNING * * *
You hit Grinder but do no damage.
Grinder is almost dead.
You constrict Grinder, but do no damage.
Grinder hits you.
* * * LOW HITPOINT WARNING * * *
You writhe in agony.
You die...

## ..#. .. .... .#...#
.#...#. ....... #####
.....
#...#§#########..#..#
#.#.#.......§@5.....#
#.#.#######.#.#..#.##
####.#.#######.#.#....#
.............#.#.#....#
.....#.#####.#.#.#......
######...........#..#####
# ########..###...
########.# #..# #..
.........# ##.##


You could see Grinder.

Vanquished Creatures
  A crimson imp (D:3)
  Robin (D:2)
  4 adders
  A worm (D:2)
  A dart slug (D:1)
  8 ball pythons
  8 bats
  2 endoplasms
  14 goblins
  7 hobgoblins
  6 kobolds
  A quokka (D:3)
  2 frilled lizards
  A goblin skeleton (D:3)
  2 goblin zombies (D:3)
  A hobgoblin zombie (D:3)
  4 kobold skeletons (D:3)
  A kobold zombie (D:3)
  An orc skeleton (D:3)
  4 rats
70 creatures vanquished.

Vanquished Creatures (others)
  176 foxfires
176 creatures vanquished.

Grand Total: 246 creatures vanquished

Notes
Turn   | Place    | Note
-------+----------+-------------------------------------------
     0 | D:1      | Conn the Octopode Fire Elementalist began the quest for the
                  | Orb.
     0 | D:1      | Reached XP level 1. HP: 11/11 MP: 3/3
   156 | D:1      | Reached XP level 2. HP: 17/17 MP: 1/5
   587 | D:1      | Reached XP level 3. HP: 21/21 MP: 6/6
  1500 | D:2      | Learned a level 3 spell: Conjure Flame
  1809 | D:2      | Noticed Robin
  2201 | D:2      | Learned a level 3 spell: Inner Flame
  2219 | D:2      | Killed Robin
  2220 | D:2      | Reached XP level 4. HP: 27/27 MP: 0/8
  2845 | D:3      | Found a glowing golden altar of the Shining One.
  2887 | D:3      | Reached skill level 4 in Fire Magic
  2887 | D:3      | Reached XP level 5. HP: 24/31 MP: 1/9
  3301 | D:3      | Noticed Grinder
  3315 | D:3      | Paralysed by Grinder for 6 turns
  3326 | D:3      | Paralysed by Grinder for 3 turns
  3334 | D:3      | Slain by Grinder

Illustrated notes

Levels and vault maps discovered:
D:1:      pf_arrival_petrified_forest, layout_loops_corners
D:2:      layout_basic, chequers_serial_rivers_room_a,
          amcnicky_mini_rare_corridor_liquid, kennysheep_decorative_pillar,
          hangedman_abyss_or_decor_lesser_grid, uniq_robin
D:3:      layout_basic, nicolae_tso_besieged_by_evil, uniq_grinder

Skill      XL: |  1  2  3  4 |
---------------+-------------+-----
Stealth        | 3 |  3.2
Conjurations   | 2 |  2.4
Spellcasting   | 3 |  3.1
Fire Magic     | 4 |  4.0
Fighting       | |  0.3
Short Blades   | |  0.3
Staves         | |  0.5
Dodging        | |  2.1
Shields        | |  0.1

Action                   |  1- 3 |  4- 6 || total
-------------------------+-------+-------++-------
Melee: Constrict         |    10 |    11 ||    21
       Unarmed           |     3 |       ||     3
       Dagger            |    17 |       ||    17
       Tentacles         |     6 |     7 ||    13
       Staff             |    11 |    38 ||    49
 Cast: Foxfire           |    58 |    48 ||   106
       Conjure Flame     |       |     1 ||     1
 Stab: Sleeping          |     1 |       ||     1
Armor: Skin              |     5 |     2 ||     7
Dodge: Dodged            |    26 |    26 ||    52
Block: Buckler           |     3 |     8 ||    11

Table legend: (Time is in decaauts)
 A = Elapsed time spent in this place.
 B = Non-inter-level travel time spent in this place.
 C = Inter-level travel time spent in this place.
 D = Time resting spent in this place.
 E = Time spent auto-exploring this place.
 F = Levels seen in this place.
 G = Mean time per level.
                   A        B        C        D        E       F      G
               +--------+--------+--------+--------+--------+-----+--------+
         Total |   3346 |   3235 |    111 |      0 |   2491 |   3 | 1115.3 |
       Dungeon |   3346 |   3235 |    111 |      0 |   2491 |   3 | 1115.3 |
               +--------+--------+--------+--------+--------+-----+--------+

Top non-repeatable levels by time:
     D:1: 1649 daAuts
     D:2: 955 daAuts
     D:3: 741 daAuts
